 Dungeon Crawl Stone Soup version 0.31-a0-232-gb1c03b2570 (webtiles) character file.

Game seed: 1405854399136684884

133 qw the Shooter (level 4, 0/37 HPs)
             Began as a Minotaur Hexslinger on July 7, 2023.
             Slain by Pikel
             ... wielding a +2 whip of electrocution
              (12 damage)
             ... on level 4 of the Dungeon.
             The game lasted 00:00:58 (2740 turns).

qw the Shooter (Minotaur Hexslinger)                Turns: 2740, Time: 00:00:59

Health: 0/37       AC:  5    Str: 12    XL:     4   Next: 93%
Magic:  4/4        EV: 11    Int: 10    God:
Gold:   178        SH:  0    Dex: 15    Spells: 4/5 levels left

rFire   . . .        Y - +1 sling
rCold   . . .        (no shield)
rNeg    . . .        j - +0 ring mail
rPois   .            (helmet restricted)
rElec   .            (no cloak)
rCorr   .            (no gloves)
SInv    .            (no boots)
Will    .....        (no amulet)
Stlth   +            (no ring)
HPRegen 0.26/turn    (no ring)
MPRegen 0.09/turn

%: no passive effects
@: no status effects
A: horns 2, retaliatory headbutt
a: no special abilities


You were on level 4 of the Dungeon.
You visited 1 branch of the dungeon, and saw 4 of its levels.

You collected 178 gold pieces.


Innate Abilities, Weirdness & Mutations

You have a pair of horns on your head.
You reflexively headbutt those who attack you in melee.


   Skills:
 + Level 2.5 Fighting
 - Level 5.1 Ranged Weapons
 - Level 1.0 Armour
 - Level 2.1 Dodging
 - Level 1.0 Spellcasting
 - Level 2.0 Hexes


You had 4 spell levels left.
You knew the following spells:

 Your Spells              Type           Power      Damage    Failure   Level
a - Slow                  Hex            16%        N/A       34%         1

Your spell library contained the following spells:

 Spells                   Type           Power      Damage    Failure   Level
 Inner Flame              Hex/Fire       2%         N/A       83%         3
 Portal Projectile        Hex/Tloc       4%         N/A       83%         3
 Cause Fear               Hex            2%         N/A       98%         4

Inventory:

Hand Weapons
 Y - a +1 sling (weapon)
Armour
 j - a +0 ring mail (worn)
Jewellery
 a - a ring of ice
 b - an amulet of regeneration
Potions
 c - a potion of mutation {unknown}
 d - 3 potions of curing
 f - a potion of heal wounds {unknown}
 i - a potion of might {unknown}

Dungeon Overview and Level Annotations

Branches:
Dungeon (4/15)
 Temple: D:4-7

Altars:
Hepliaklqana

Shops:
D:2 [

Annotations:
D:4 Pikel


Message History

You now have enough gold to buy a +1 cloak of poison resistance on D:2.
You can access your shopping list by pressing '$'.
You now have 178 gold pieces (gained 12).
Things that are here:
a +0 dagger; a +0 ring mail
There is a stone staircase leading up here.
Pikel and 2 lemures come into view.
Pikel is wielding a +2 whip of electrocution and carrying a wand of flame (16).
Pikel shouts!
The lemure shouts! x2
You shoot a sling bullet.
The sling bullet completely misses the lemure.
A lemure comes into view.
You shoot a sling bullet. The sling bullet hits the lemure.
The lemure is lightly wounded.
A lemure comes into view.
You shoot a sling bullet. The lemure shouts!
The sling bullet hits the lemure but does no damage.
The lemure is lightly wounded.
The lemure hits you.
You shoot a sling bullet. The sling bullet hits the lemure.
The lemure is moderately wounded.
The lemure closely misses you.
You shoot a sling bullet.
The sling bullet hits Pikel but does no damage.
You shoot a sling bullet.
The sling bullet hits Pikel but does no damage.
Pikel barely misses you.
You shoot a sling bullet. The sling bullet barely misses Pikel.
Pikel zaps a wand.
The puff of flame hits you.
Pikel zaps a wand.
The puff of flame hits you!
You shoot a sling bullet. The sling bullet closely misses Pikel.
Pikel hits you with a +2 whip of electrocution.
You shoot a sling bullet.
The sling bullet hits Pikel but does no damage.
Pikel zaps a wand.
The puff of flame hits you.
You shoot a sling bullet.
The sling bullet hits Pikel but does no damage.
Pikel hits you with a +2 whip of electrocution!
You die...

#############
#..........<#
#.#########.# #.# #.#
######### #.# ##.#
..5555K.# #.# ##.#.
#@####.#######.###
##............)## #
#..................###
#.########.######.#.#.
#.# ##.##.# #.#
##...#.# #.####.###..#
#......# #.<#
######.###.##


You could see Pikel and 4 lemures.

Vanquished Creatures
  A jelly (D:3)
  2 adders
  2 dart slugs (D:3)
  An orc (D:4)
  5 endoplasms
  4 giant cockroaches
  3 goblins (D:1)
  4 hobgoblins (D:1)
  16 jackals
  7 kobolds
  6 quokkas
  3 ball pythons
  5 bats
  5 frilled lizards
  4 rats
68 creatures vanquished.

Notes
Turn   | Place    | Note
-------+----------+-------------------------------------------
     0 | D:1      | qw the Minotaur Hexslinger began the quest for the Orb.
     0 | D:1      | Reached XP level 1. HP: 16/16 MP: 1/1
     0 | D:1      | 0 ||| qw: Version: 0.3-a-46-gb1f654a
     0 | D:1      | 0 ||| qw: Game counter: 2501
     0 | D:1      | 0 ||| qw: Melee chars always use a shield: true
     0 | D:1      | 0 ||| qw: God list: Okawaru
     0 | D:1      | 0 ||| qw: Allow faded altars: false
     0 | D:1      | 0 ||| qw: Do Orc after clearing Dungeon:15 true
     0 | D:1      | 0 ||| qw: Do second Lair branch before Depths: true
     0 | D:1      | 0 ||| qw: Lair rune preference: random
     0 | D:1      | 0 ||| qw: Goals: Normal
     0 | D:1      | 0 ||| PLANNING D:1-11
    38 | D:1      | 38 ||| FLEEEEING.
    39 | D:1      | 39 ||| FLEEEEING.
    40 | D:1      | 40 ||| FLEEEEING.
    41 | D:1      | 41 ||| FLEEEEING.
    42 | D:1      | 42 ||| FLEEEEING.
    51 | D:1      | Reached skill level 3 in Ranged Weapons
    51 | D:1      | Reached XP level 2. HP: 23/23 MP: 2/2
   604 | D:1      | Reached XP level 3. HP: 26/29 MP: 3/3
   921 | D:1      | 921 ||| UPGRADING to +0 leather armour.
   931 | D:1      | 931 ||| DROPPING +0 robe.
   932 | D:1      | 932 ||| UPGRADING to +0 ring mail.
   942 | D:1      | 942 ||| DROPPING +0 leather armour.
   943 | D:1      | 943 ||| READING scroll labelled DYIQE ZUTUSHREO.
   944 | D:1      | 944 ||| READING scroll labelled HEITZU RUTOSIG.
   945 | D:1      | 945 ||| READING scroll labelled GEULIJAOQIL.
   948 | D:1      | 948 ||| DRINKING 2 red potions.
   949 | D:1      | 949 ||| DROPPING scroll of poison.
   966 | D:2      | Found a hazy altar of Hepliaklqana.
   976 | D:2      | Reached skill level 4 in Ranged Weapons
  1100 | D:2      | Found Xuofuil's Armour Boutique.
  1108 | D:2      | 1108 ||| SHOPLISTING +1 cloak of poison resistance (175
                  | gold, have 91).
  1108 | D:2      | 1108 ||| SHOPLISTING +2 hat of Neynweg {Dex+3} (354 gold,
                  | have 91).
  1210 | D:2      | Reached skill level 1 in Armour
  1739 | D:2      | 1739 ||| READING scroll labelled OHE UWNIMUIK.
  1785 | D:3      | 1785 ||| FLEEEEING.
  1786 | D:3      | 1786 ||| FLEEEEING.
  1858 | D:3      | Reached XP level 4. HP: 36/36 MP: 4/4
  2208 | D:3      | Reached skill level 5 in Ranged Weapons
  2546 | D:3      | 2546 ||| DROPPING amulet of magic regeneration.
  2547 | D:3      | 2547 ||| READING scroll labelled MYNUDD NUQE.
  2548 | D:3      | 2548 ||| READING scroll labelled RAIRIST IPTAR.
  2611 | D:3      | 2611 ||| READING scroll labelled ESKYOQ OB ODU.
  2730 | D:4      | Noticed Pikel
  2730 | D:4      | Noticed a lemure
  2730 | D:4      | Noticed a lemure
  2731 | D:4      | Noticed a lemure
  2732 | D:4      | Noticed a lemure
  2740 | D:4      | Slain by Pikel

Levels and vault maps discovered:
D:1:      scummos_arrival_simple_crosswalls, layout_basic,
          kennysheep_another_room, dreamdust_mushroom_princess
D:2:      layout_basic, basic_altar, serial_shops, shop,
          nicolae_twisty_statue_hallways
D:3:      layout_basic
D:4:      layout_loops_ring, minmay_temple_entry_hall, nicolae_half_adder,
          uniq_pikel, uniq_ijyb, uniq_grinder, uniq_duvessa, uniq_eustachio,
          uniq_robin

Skill      XL: |  1  2  3  4 |
---------------+-------------+-----
Ranged Weapons | 3 4 5 |  5.1
Fighting       | 2 |  2.5
Armour         | 1 |  1.0
Dodging        | |  2.1
Spellcasting   | |  1.0
Hexes          | |  2.0

Action                     |  1- 3 |  4- 6 || total
---------------------------+-------+-------++-------
   Fire: Sling             |   132 |    88 ||   220
    Use: Scroll            |     4 |     3 ||     7
         Potion            |     1 |       ||     1
 Armour: Robe              |    10 |       ||    10
         Ring mail         |    14 |    17 ||    31
  Dodge: Dodged            |    46 |    26 ||    72

Table legend:
 A = Non-vault XP
 B = Vault XP
 C = Vault XP percentage of total XP
 D = Non-vault monster count
 E = Vault monster count
 F = Vault count percentage of total count
                 A         B        C        D         E       F
            +---------+---------+-------+---------+---------+-------
      Total |     190 |       0 |   0.0 |      68 |       0 |   0.0
            +---------+---------+-------+---------+---------+-------
        D:1 |      59 |       0 |   0.0 |      33 |       0 |   0.0
        D:2 |      32 |       0 |   0.0 |      11 |       0 |   0.0
        D:3 |      93 |       0 |   0.0 |      21 |       0 |   0.0
        D:4 |       6 |       0 |   0.0 |       3 |       0 |   0.0
            +---------+---------+-------+---------+---------+-------
